 Dungeon Crawl Stone Soup version 0.29.0-4-gdea44cf6ec (webtiles) character file.

Game seed: 8516084910914596421

21 qw the Chopper (level 2, -2/17 HPs)
             Began as a Tengu Warper on Aug 28, 2022.
             Succumbed to an adder's poison
             ... on level 2 of the Dungeon.
             The game lasted 00:00:04 (1105 turns).

qw the Chopper (Tengu Warper)                       Turns: 1105, Time: 00:00:05

Health: -2/17      AC:  3    Str: 11    XL:     2   Next: 87%
Magic:  6/6        EV:  7    Int: 13    God:
Gold:   93         SH: 10    Dex: 13    Spells: 5/5 levels left

rFire   . . .      SeeInvis .   Y - +1 hand axe
rCold   . . .      Faith    .   f - +0 tower shield
rNeg    . . .      Spirit   .   b - +0 leather armour
rPois   .          Reflect  .   (helmet restricted)
rElec   .          Harm     .   (no cloak)
rCorr   .          Rampage  .   (no gloves)
Will    .....                   (boots unavailable)
Stlth   +.........              (no amulet)
HPRegen 0.05/turn               (no ring)
MPRegen 0.10/turn               (no ring)

@: lethally poisoned (-2 -> -10)
A: beak, talons 3
a: no special abilities


You were on level 2 of the Dungeon.
You visited 1 branch of the dungeon, and saw 2 of its levels.

You collected 93 gold pieces.


Innate Abilities, Weirdness & Mutations

You have a beak for a mouth.
You have claws for feet.


   Skills:
 - Level 2.0 Fighting
 - Level 3.5 Axes
 - Level 1.0 Throwing
 - Level 1.1 Armour
 - Level 2.1 Dodging
 + Level 0.5 Shields
 - Level 2.0 Spellcasting
 - Level 2.4 Translocations


You had 5 spell levels left.
You didn't know any spells.
Your spell library contained the following spells:

 Spells                   Type           Power      Damage    Failure   Level
 Blink                    Tloc           14%        N/A       98%         2
 Gell's Gravitas          Tloc           7%         N/A       100%        3
 Lesser Beckoning         Tloc           7%         N/A       100%        3
 Teleport Other           Tloc           7%         N/A       100%        3
 Manifold Assault         Tloc           7%         N/A       100%        5

Inventory:

Hand Weapons
 d - a +0 whip
 Y - a +1 hand axe (weapon)
Armour
 b - a +0 leather armour (worn)
 f - a +0 tower shield (worn)
Scrolls
 c - a scroll of teleportation {unknown}
 g - a scroll of identify {unknown}
Potions
 a - a potion of magic {unknown}
 e - a potion of resistance {unknown}
 h - a potion of cancellation
 i - a potion of haste {unknown}

Dungeon Overview and Level Annotations

Branches:
Dungeon (2/15)

Altars:


Message History

a - a grey potion
Things that are here:
a +0 whip; 3 stones; a kobold corpse You now have 93 gold pieces (gained 12).
c - a scroll labelled KEITUDE XYSU
g - a scroll labelled SOECYO NELECW
i - a glowing sapphire potion An adder comes into view.
The adder moves out of view.
The adder hisses angrily.
You hit the adder. You claw the adder, but do no damage.
The adder is moderately wounded.
The adder bites you. x2
You miss the adder. Your kick misses the adder. Your peck misses the adder.
The adder is moderately wounded.
The adder bites you but does no damage. You block the adder's attack.
You hit the adder.
The adder is heavily wounded.
You block the adder's attack. The adder bites you but does no damage.
You hit the adder. Your kick misses the adder.
The adder is severely wounded.
The adder closely misses you. You block the adder's attack.
You hit the adder but do no damage. Your kick misses the adder.
The adder is severely wounded.
You block the adder's attack. x2
You closely miss the adder. Your kick misses the adder.
The adder is severely wounded.
The adder bites you.
You are poisoned.
The adder poisons you! The adder bites you.
You are lethally poisoned!
The adder poisons you!
You hit the adder but do no damage. Your peck misses the adder.
The adder is severely wounded.
You feel very sick. The adder bites you.
The adder bites you but does no damage. The adder bites you.
You closely miss the adder. Your kick misses the adder.
The adder is severely wounded.
You die...

###........7 .#.#
##.......7 ...#
#.......7 ...# #.......7
...# #.......7 ...##
###.......7 #
....###.........# ...
....##).#%......###.....
..?....##....##.@S......
<....####....#..##......
........#......## ####.
.....##.>....###
..##...##.....
..####.#....##. .##
..... .. .... ..


You could see an adder.

Vanquished Creatures
  A dart slug (D:1)
  5 ball pythons (D:1)
  2 endoplasms
  A hobgoblin (D:1)
  3 kobolds
  4 bats (D:1)
  3 frilled lizards
  A goblin (D:1)
20 creatures vanquished.

Notes
Turn   | Place    | Note
-------+----------+-------------------------------------------
     0 | D:1      | qw the Tengu Warper began the quest for the Orb.
     0 | D:1      | Reached XP level 1. HP: 12/12 MP: 4/4
     0 | D:1      | 0 ||| qw: Version: 0.1-a-89-g26bdef1
     0 | D:1      | 0 ||| qw: Game counter: 2227
     0 | D:1      | 0 ||| qw: Always use a shield: true
     0 | D:1      | 0 ||| qw: God list: Okawaru
     0 | D:1      | 0 ||| qw: Allow faded altars: false
     0 | D:1      | 0 ||| qw: Do Orc after D:15 true
     0 | D:1      | 0 ||| qw: Do second Lair branch before Depths: true
     0 | D:1      | 0 ||| qw: Lair rune preference: random
     0 | D:1      | 0 ||| qw: Plans: Normal
     0 | D:1      | 0 ||| PLANNING D:1-11
   198 | D:1      | 198 ||| Stepping ~*~*~tactically~*~*~ (stealth).
   199 | D:1      | 199 ||| Stepping ~*~*~tactically~*~*~ (stealth).
   234 | D:1      | Reached XP level 2. HP: 17/17 MP: 6/6
   237 | D:1      | Reached skill level 3 in Axes
   556 | D:1      | Found a faded altar of an unknown god.
   703 | D:1      | 703 ||| UPGRADING to +0 tower shield.
   708 | D:1      | 708 ||| READING scroll labelled ZIZIEB OVVUEKK.
   709 | D:1      | 709 ||| READING scroll labelled GEFFAN DA LASO.
   710 | D:1      | 710 ||| READING scroll labelled NORILASK JETE.
   840 | D:1      | 840 ||| DRINKING 2 viscous ruby potions.
   841 | D:1      | 841 ||| DROPPING scroll of blinking.
   860 | D:2      | 860 ||| Stepping ~*~*~tactically~*~*~ (stealth).
   868 | D:2      | 868 ||| Stepping ~*~*~tactically~*~*~ (stealth).
   870 | D:2      | 870 ||| Stepping ~*~*~tactically~*~*~ (stealth).
   873 | D:2      | 873 ||| Stepping ~*~*~tactically~*~*~ (stealth).
   939 | D:2      | 939 ||| Stepping ~*~*~tactically~*~*~ (stealth).
  1104 | D:2      | HP: 1/17 [adder (4)]
  1105 | D:2      | Succumbed to an adder's poison

Levels and vault maps discovered:
D:1:      dpeg_chamrin_arrival_tetris, layout_rooms,
          hellmonk_ecumenical_altar_arch_garden, minmay_unequal
D:2:      layout_rooms, serial_forest, infiniplex_forest_straight_5,
          infiniplex_forest_straight_1, infiniplex_forest_clump_large,
          infiniplex_forest_straight_4, infiniplex_forest_diagonal,
          infiniplex_forest_diagonal, infiniplex_forest_clump_long, minivault_4,
          minmay_tromino_v2, uniq_sigmund

Skill      XL: |  1  2 |
---------------+-------+-----
Axes           | 3 |  3.5
Fighting       | |  2.0
Throwing       | |  1.0
Armour         | |  1.1
Dodging        | |  2.1
Shields        | |  0.5
Spellcasting   | |  2.0
Translocations | |  2.4

Action                   || total
-------------------------++-------
Melee: Hand axe          ||    31
       Kick              ||     7
       Peck              ||     3
       Punch             ||     1
Throw: Boomerang         ||     7
  Use: Scroll            ||     3
       Potion            ||     1
Armor: Leather armour    ||    11
Dodge: Dodged            ||    11
Block: Tower shield      ||     5

Table legend:
 A = Non-vault XP
 B = Vault XP
 C = Vault XP percentage of total XP
 D = Non-vault monster count
 E = Vault monster count
 F = Vault count percentage of total count
                 A         B        C        D         E       F
            +---------+---------+-------+---------+---------+-------
      Total |      28 |       3 |   9.7 |      18 |       2 |  10.0
            +---------+---------+-------+---------+---------+-------
        D:1 |      23 |       3 |  11.5 |      15 |       2 |  11.8
        D:2 |       5 |       0 |   0.0 |       3 |       0 |   0.0
            +---------+---------+-------+---------+---------+-------
